 Dungeon Crawl Stone Soup version 0.18-a0-1293-g5a2c81a (webtiles) character file.

210 Duffy the Chopper (level 5, -3/45 HPs)
             Began as a Hill Orc Fighter on Feb 10, 2016.
             Killed from afar by Sigmund (5 damage)
             ... with a magic dart
             ... on level 4 of the Dungeon.
             The game lasted 00:02:56 (3764 turns).

Duffy the Chopper (Hill Orc Fighter)                Turns: 3764, Time: 00:02:56

Health: -3/45      AC:  8    Str: 19    XL:     5   Next: 87%
Magic:  5/5        EV:  7    Int:  9    God:
Gold:   140        SH:  9    Dex: 10    Spells: 0 memorised, 4 levels left

rFire  . . .     SeeInvis .     a - +0 war axe
rCold  . . .     Gourm    .     b - +0 scale mail
rNeg   . . .     Faith    .     c - +0 shield
rPois  +         Spirit   .     (no helmet)
rElec  .         Dismiss  .     t - +0 cloak
rCorr  +         Reflect  .     (no gloves)
SustAt .         Harm     .     (no boots)
MR     .....                    (no amulet)
Stlth  ..........               o - ring of poison resistance
                                s - ring of resist corrosion

@: not resistant to hostile enchantments, extremely unstealthy
A: no striking features
a: no special abilities


You were on level 4 of the Dungeon.
You were not hungry.

You visited 1 branch of the dungeon, and saw 4 of its levels.

You collected 140 gold pieces.


   Skills:
 - Level 3.6 Fighting
 + Level 7.8 Axes
 - Level 3.2 Armour
 - Level 3.2 Shields


You had 4 spell levels left.
You didn't know any spells.

Inventory:

Hand Weapons
 a - a +0 war axe (weapon)
Armour
 b - a +0 scale mail (worn)
 c - a +0 shield (worn)
 t - a +0 cloak (worn)
Jewellery
 o - a ring of poison resistance (right hand)
 r - an uncursed ring of flight
 s - a ring of resist corrosion (left hand)
Scrolls
 e - 4 scrolls of enchant armour {unknown}
 h - a scroll of teleportation {unknown}
 i - 4 scrolls of identify {unknown}
 l - 2 scrolls of enchant weapon {unknown}
 m - 2 scrolls of noise {unknown}
 n - 3 scrolls of recharging {unknown}
 q - a scroll of blinking {unknown}
 u - a scroll of fog {unknown}
Potions
 d - a potion of might
 j - a potion of mutation {unknown}
 k - a potion of curing {unknown}
 p - 3 potions of flight {unknown}
 v - 2 potions of agility {unknown}
Comestibles
 f - 4 bread rations
 g - a beef jerky

Dungeon Overview and Level Annotations

Branches:
Dungeon (4/15)
 Temple: D:4-7

Altars:
Ashenzari
Fedhas
Makhleb
Ru
Trog

Annotations:
D:4 Sigmund


Message History

You are too injured to fight recklessly!
You are too injured to fight recklessly!
You are too injured to fight recklessly!
You are too injured to fight recklessly!
You are too injured to fight recklessly!
You are too injured to fight recklessly!
You are too injured to fight recklessly!
You are too injured to fight recklessly!
You are too injured to fight recklessly!
You are too injured to fight recklessly!
You are too injured to fight recklessly!
You are too injured to fight recklessly!
You are too injured to fight recklessly!
You are too injured to fight recklessly!
You closely miss Sigmund.
Sigmund is moderately wounded.
You hit Sigmund.
Sigmund is heavily wounded.
Sigmund hits you with a scythe.
You hit Sigmund.
Sigmund is heavily wounded.
Sigmund says, "Don't worry, I'll kill you fast."
Sigmund gestures at you while chanting. The puff of flame hits you!
You barely miss Sigmund.
Sigmund is heavily wounded.
Sigmund hits you with a scythe!
You barely miss Sigmund.
Sigmund is heavily wounded.
Sigmund barely misses you.
Your shield and scale mail prevent you from hitting Sigmund.
Sigmund is heavily wounded.
Sigmund casts a spell at you. The magic dart hits you!
You die...

######## #......#
##.####.# #....##.#
###########
#.......#
#...@@....# #######
#....#..#
#.#######.# ......#
##.......## #.#
.....
..........###.#####
####..
##.##.............#
#.....
#.##.#.#####.###.#
#.##.. #.##.#.#
#.###. # #.##..
#....#.# #...... ..
#.##.##.. ######'##
###.... ..#
#........


You could see Sigmund.

Action                   |  1- 3 |  4- 6 || total
-------------------------+-------+-------++-------
Melee: War axe           |   108 |   162 ||   270
  Eat: Chunk             |     3 |     6 ||     9

Notes
Turn   | Place    | Note
--------------------------------------------------------------
     0 | D:1      | Duffy the Hill Orc Fighter began the quest for the Orb.
     0 | D:1      | Reached XP level 1. HP: 19/19 MP: 1/1
     9 | D:1      | Reached skill level 3 in Axes
   220 | D:1      | Reached XP level 2. HP: 26/26 MP: 2/2
   431 | D:1      | Reached skill level 4 in Axes
   724 | D:1      | Reached XP level 3. HP: 28/31 MP: 3/3
  1404 | D:2      | Reached skill level 5 in Axes
  1905 | D:2      | Found a burning altar of Makhleb.
  1966 | D:2      | Reached XP level 4. HP: 32/39 MP: 4/4
  2039 | D:2      | Found a shattered altar of Ashenzari.
  2137 | D:2      | Reached skill level 6 in Axes
  2334 | D:2      | Found a bloodstained altar of Trog.
  2576 | D:2      | Reached XP level 5. HP: 45/45 MP: 5/5
  2856 | D:3      | Reached skill level 7 in Axes
  3176 | D:3      | Found a blossoming altar of Fedhas.
  3382 | D:3      | Found a sacrificial altar of Ru.
  3750 | D:4      | Noticed Sigmund
  3764 | D:4      | Killed from afar by Sigmund

Vault maps used:
D:1:      eino_arrival_cavern_d, lemuel_old_faithful
D:2:      marbit_many_paths, nicolae_ashenzari_panopticon, lemuel_crystal_altar,
          serial_park_tiny_2, kennysheep_generic_room_16
D:3:      nicolae_ru_the_path_less_chosen, fedhas_altar_4
D:4:      led_xom_imps, first_bread, uniq_natasha, uniq_edmund, uniq_sigmund,
          uniq_blork_the_orc

Vanquished Creatures
  3 gnolls
  8 adders
  3 oozes
  An adder skeleton
  3 worms
  3 giant geckos
  3 ball pythons
  3 giant cockroaches
  10 goblins
  11 hobgoblins
  3 jackals
  7 kobolds
  4 quokkas
  9 bats
  3 giant newts
  7 rats
81 creatures vanquished.
